Workbook

Sheet Sheet1
A1: 项目费用概算表
A2: 项目名称：紧密型县域医共体升级版项目 | D2: 资金单位：人民币万元
A3: 序号 | B3: 费用名称 | C3: 金额 | D3: 备注
A4: 一、项目建设直接费 | C4: =C5+C19+C21+C31+C35+C47 -> 3190.82
A5: （一） | B5: 成品软件采购费 | C5: =SUM(C6:C18) -> 606.5
A6: 1 | B6: 区域专病全程管理系统 | C6: =ROUND([1]表1汇总表!C6,2) -> 180 | D6: 含专病全程管理路径咨询服务
A7: 2 | B7: 慢性病管控系统 | C7: =ROUND([1]表1汇总表!C7,2) -> 30
A8: 3 | B8: 健康基层移动服务系统 | C8: =ROUND([1]表1汇总表!C8,2) -> 22
A9: 4 | B9: 急诊急救系统 | C9: =ROUND([1]表1汇总表!C9,2) -> 55
A10: 5 | B10: 区域检验中心系统升级 | C10: =ROUND([1]表1汇总表!C10,2) -> 27
A11: 6 | B11: 区域心电诊断中心系统 | C11: =ROUND([1]表1汇总表!C11,2) -> 70
A12: 7 | B12: 基层PACS系统 | C12: =ROUND([1]表1汇总表!C12,2) -> 20
A13: 8 | B13: 中心药房管理系统 | C13: =ROUND([1]表1汇总表!C13,2) -> 46
A14: 9 | B14: 医院不良事件系统 | C14: =ROUND([1]表1汇总表!C14,2) -> 45
A15: 10 | B15: 合理用药监测系统 | C15: =ROUND([1]表1汇总表!C15,2) -> 70
A16: 11 | B16: 精神科评定量表系统 | C16: =ROUND([1]表1汇总表!C16,2) -> 3.5
A17: 12 | B17: 智慧中药房管理系统 | C17: =ROUND([1]表1汇总表!C17,2) -> 30
A18: 13 | B18: 院前急救指导系统 | C18: =[1]表1汇总表!C18 -> 8
A19: （二） | B19: 接口费 | C19: =C20 -> 10.92
A20: 1 | B20: 接口费 | C20: =ROUND([1]表1汇总表!C20,2) -> 10.92
A21: （三） | B21: 信息化硬件购置费 | C21: =SUM(C22:C30) -> 208.31
A22: 1 | B22: 办公设备 | C22: =ROUND([1]表1汇总表!C22,2) -> 31.66
A23: 2 | B23: 服务器及网络设备 | C23: =ROUND([1]表1汇总表!C23,2) -> 69.2
A24: 3 | B24: 显示设备 | C24: =ROUND([1]表1汇总表!C24,2) -> 3.66
A25: 4 | B25: 排队叫号终端 | C25: =ROUND([1]表1汇总表!C25,2) -> 0.9
A26: 5 | B26: 慢性病管理中心系统 | C26: =ROUND([1]表1汇总表!C26,2) -> 11.67
A27: 6 | B27: 安防系统 | C27: =ROUND([1]表1汇总表!C27,2) -> 18.53
A28: 7 | B28: 综合布线 | C28: =ROUND([1]表1汇总表!C28,2) -> 31.34
A29: 8 | B29: 云安全租赁 | C29: =ROUND([1]表1汇总表!C29,2) -> 36
A30: 10 | B30: 救护车改造 | C30: =ROUND([1]表1汇总表!C30,2) -> 5.35
A31: （四） | B31: 场所配套购置费 | C31: =SUM(C32:C34) -> 78.35
A32: 1 | B32: 社区嵌入式托育点 | C32: =ROUND([1]表1汇总表!C32,2) -> 36.83
A33: 2 | B33: 医养结合病区 | C33: =ROUND([1]表1汇总表!C33,2) -> 6.54
A34: 3 | B34: 慢性病管理中心 | C34: =ROUND([1]表1汇总表!C34,2) -> 34.98
A35: （五） | B35: 医疗设备购置费 | C35: =SUM(C36:C46) -> 2238.22
A36: 1 | B36: 资源共享五大中心 | C36: =ROUND([1]表1汇总表!C36,2) -> 636.71
A37: 2 | B37: 慢性病管理中心 | C37: =ROUND([1]表1汇总表!C37,2) -> 686.67
A38: 3 | B38: 急诊急救五大中心 | C38: =ROUND([1]表1汇总表!C38,2) -> 212.66
A39: 4 | B39: 审方中心 | C39: =ROUND([1]表1汇总表!C39,2) -> 1.6
A40: 5 | B40: 中心药房 | C40: =ROUND([1]表1汇总表!C40,2) -> 118.06
A41: 6 | B41: 上社镇卫生院（次中心） | C41: =ROUND([1]表1汇总表!C41,2) -> 216.94
A42: 7 | B42: 孙家庄镇卫生院（特色专科） | C42: =ROUND([1]表1汇总表!C42,2) -> 4.83
A43: 8 | B43: 路家村卫生院（特色专科） | C43: =ROUND([1]表1汇总表!C43,2) -> 21.13
A44: 9 | B44: 秀水镇卫生院（特色专科） | C44: =ROUND([1]表1汇总表!C44,2) -> 47.2
A45: 10 | B45: 中医院共享中药房 | C45: =ROUND([1]表1汇总表!C45,2) -> 145.72
A46: 11 | B46: 医养结合安宁疗护 | C46: =ROUND([1]表1汇总表!C46,2) -> 146.7
A47: （六） | B47: 系统集成费 | C47: =ROUND([1]表1汇总表!C47,2) -> 48.52 | D47: 按照晋财行〔2020〕182号文规定，按软件购置费8%计列
A48: 二、项目建设其他费用 | C48: =SUM(C49:C56) -> 188.59
A49: 1 | B49: 设计费 | C49: =ROUND([1]表1汇总表!C49,2) -> 29.8 | D49: 按照中标合同价计取
A50: 2 | B50: 监理费 | C50: =ROUND([1]表1汇总表!C50,2) -> 18.38 | D50: 按照晋财行〔2020〕182号文规定，系数按照1计取，按照市场价0.8计取
A51: 3 | B51: 等保测评费 | C51: =ROUND([1]表1汇总表!C51,2) -> 40 | D51: 按照晋财行〔2020〕182号文规定，结合市场价，按照4个系统计取
A52: 4 | B52: 第三方软件测评费 | C52: =ROUND([1]表1汇总表!C52,2) -> 0 | D52: 本项目为成品软件，相关测评报告由软件供应商提供
A53: 5 | B53: 招标代理费 | C53: =ROUND([1]表1汇总表!C53,2) -> 0 | D53: 由中标公司支付
B54: 造价咨询费 | C54: =ROUND([1]表1汇总表!C54,2) -> 5.74 | D54: 参照《山西省建设工程造价咨询服务成本核算指南（2025）》标准，按照送审金额的0.18%计取
A55: 6 | B55: 柔性引进专家下沉坐诊 | C55: =ROUND([1]表1汇总表!C55,2) -> 51.42
A56: 7 | B56: 自有人员外出培训学习 | C56: =ROUND([1]表1汇总表!C56,2) -> 43.25
A57: 三 | B57: 预备费 | C57: =C58 -> 101.38232
A58: 1 | B58: 预备费 | C58: =[1]表1汇总表!C58 -> 101.38232 | D58: 按照总投资3%计取
A59: 总计（一+二） | C59: =C57+C48+C4 -> 3480.7923
